 Dungeon Crawl Stone Soup version 0.23.2-33-g5129a83 (webtiles) character file.

Game seed: 4597887435517691072

482 EGOIC the Conjurer (level 6, 0/45 HPs)
             Began as a Draconian Conjurer on May 12, 2019.
             Was an Initiate of Sif Muna.
             Slain by a phantom (7 damage)
             ... on level 4 of the Dungeon on July 27, 2019.
             The game lasted 00:17:10 (4411 turns).

EGOIC the Conjurer (Draconian Conjurer)             Turns: 4411, Time: 00:17:11

Health: 0/45       AC:  7    Str:  9 (11) XL:     6   Next: 87%
Magic:  7/13       EV: 12    Int: 16 (17) God:    Sif Muna [......]
Gold:   128        SH:  0    Dex: 14 (16) Spells: 10/15 levels left

rFire    + . .     SeeInvis .   g - +3 hand axe of the Heavens {freeze, rF+}
rCold    . . .     Gourm    .   (no shield)
rNeg     . . .     Faith    .   (armour unavailable)
rPois    .         Spirit   .   (helmet restricted)
rElec    .         Reflect  .   (no cloak)
rCorr    .         Harm     .   u - +0 pair of gloves
MR       .....                  (no boots)
Stlth    ++........             (no amulet)
HPRegen  0.15/turn              d - +5 ring of dexterity
MPRegen  0.13/turn              (no ring)

@: very slightly contaminated
A: unfitting armour, cold-blooded, AC +6
a: Renounce Religion


You were on level 4 of the Dungeon.
You worshipped Sif Muna.
Sif Muna was noncommittal.
You were near starving.

You visited 2 branches of the dungeon, and saw 6 of its levels.

You collected 128 gold pieces.

Inventory:

Hand Weapons
 e - a +0 dagger of holy wrath
 f - a +2 scimitar of flaming
 g - the +3 hand axe of the Heavens (weapon) {freeze, rF+}
   (You found it on level 4 of the Dungeon)

   It has been specially enchanted to freeze those struck by it, causing extra
   injury to most foes and up to half again as much damage against particularly
   susceptible opponents.
   It can also slow down cold-blooded creatures.
   It protects you from fire.
 l - a +2 dagger of pain
Armour
 u - a +0 pair of gloves (worn)
Jewellery
 d - a +5 ring of dexterity (left hand)
 j - an uncursed ring of ice {unknown}
Wands
 c - a wand of flame (15)
 k - a wand of paralysis (8)
Scrolls
 h - a scroll of fear {unknown}
 m - 3 scrolls of teleportation
 q - 4 scrolls of immolation {unknown}
 r - a scroll of enchant armour {unknown}
 s - a scroll of remove curse {unknown}
Potions
 n - a potion of berserk rage {unknown}
 o - a potion of invisibility {unknown}
 t - a potion of lignification
Comestibles
 b - 2 rations


   Skills:
 - Level 1.9 Dodging
 - Level 1.9 Stealth
 * Level 5.0 Spellcasting
 + Level 6.4 Conjurations


You had 10 spell levels left.
You knew the following spells:

 Your Spells              Type           Power        Failure   Level  Hunger
a - Magic Dart            Conj           ###.         1%          1    None
b - Iskenderun's Mystic   Conj           ###.....     11%         4    ####...

Your spell library contained the following spells:

 Spells                   Type           Power        Failure   Level  Hunger
 Searing Ray              Conj           ###...       1%          2    #......
 Dazzling Spray           Conj/Hex       ##....       12%         3    ###....
 Force Lance              Conj/Tloc      ##......     38%         4    ####...
 Fulminant Prism          Conj/Hex       ##........   38%         4    ####...


Dungeon Overview and Level Annotations

Branches:
Dungeon (5/15)             Temple (1/1) D:4

Altars:
Elyvilon
Fedhas
Gozag
Hepliaklqana
Kikubaaqudgha
Nemelex Xobeh
Sif Muna
Uskayaw
Wu Jian
Yredelemnul
Zin


Innate Abilities, Weirdness & Mutations

Your plain brown scales are hard. (AC +6)
You cannot fit into any form of body armour.
You are cold-blooded and may be slowed by cold attacks.


Message History

You closely miss the phantom.
Your tail-slap misses the phantom.
The phantom is heavily damaged.
You are near starving!
The phantom hits you.
The phantom blinks!
You hit the phantom.
The phantom is heavily damaged.
The phantom hits you.
You closely miss the phantom.
The phantom is heavily damaged.
The phantom blinks!
You closely miss the phantom.
Your tail-slap misses the phantom.
The phantom is heavily damaged.
The phantom hits you.
* * * LOW HITPOINT WARNING * * *
You closely miss the phantom.
The phantom is heavily damaged.
The phantom hits you.
* * * LOW HITPOINT WARNING * * *
The phantom hits you!
You die...

#.######..###.##.#
#.# #.........#
#.# #.#...<...#
#.# #.#.......#
#.# #.#........
#.# #.#.......#
#.# #.#.......#
#W# #.#.......#
#@### #.#######.#
#>).# #..........
###.# #.#########
#.# #.# #.# #.#
#.# #.# #.####.#
###.#....##
##.........##
#####


You could see a phantom.

Vanquished Creatures
  Blork the orc (D:4)
  A howler monkey (D:4)
  A crimson imp (D:3)
  3 hounds
  Ijyb (D:4)
  2 worker ants (D:4)
  An iguana (D:4)
  5 adders
  A shadow imp (D:5)
  An ooze (D:3)
  4 worms
  3 dart slugs
  4 leopard geckos
  3 orcs (D:3)
  2 ball pythons
  3 giant cockroaches
  7 goblins
  8 hobgoblins
  5 kobolds
  A quokka (D:4)
  12 bats
  6 frilled lizards
  9 rats
84 creatures vanquished.

Notes
Turn   | Place    | Note
-------+----------+-------------------------------------------
     0 | D:1      | EGOIC the Draconian Conjurer began the quest for the Orb.
     0 | D:1      | Reached XP level 1. HP: 14/14 MP: 3/3
   267 | D:1      | Reached XP level 2. HP: 20/20 MP: 0/5
   329 | D:1      | Upgraded the game from 0.23.2-1-ga50397a to
                  | 0.23.2-33-g5129a83
   782 | D:2      | Reached XP level 3. HP: 21/26 MP: 2/6
   953 | D:2      | Reached skill level 5 in Conjurations
  1038 | D:2      | Found a blossoming altar of Fedhas.
  1189 | D:2      | Reached XP level 4. HP: 29/33 MP: 2/7
  1263 | D:2      | Learned a level 4 spell: Iskenderun's Mystic Blast
  1831 | D:3      | Reached XP level 5. HP: 26/38 MP: 1/9
  2642 | D:4      | Noticed Blork the orc
  3069 | D:4      | HP: 2/57 [iguana (7)]
  3076 | D:4      | Reached XP level 6. HP: 4/45 MP: 1/12
  3225 | D:4      | Killed Blork the orc
  3225 | D:4      | Reached skill level 6 in Conjurations
  3496 | D:4      | Noticed Ijyb
  3532 | D:4      | Killed Ijyb
  3754 | D:4      | Got a bloodstained hand axe
  3852 | D:4      | Reached skill level 5 in Spellcasting
  3869 | D:4      | Found a staircase to the Ecumenical Temple.
  3880 | Temple   | Entered the Ecumenical Temple
  3923 | Temple   | Became a worshipper of Sif Muna the Loreminder
  4278 | D:5      | Entered Level 5 of the Dungeon
  4296 | D:4      | Identified the +3 hand axe of the Heavens {freeze, rF+}
                  | (You found it on level 4 of the Dungeon)
  4411 | D:4      | Slain by a phantom

Skill      XL: |  1  2  3  4  5  6 |
---------------+-------------------+-----
Conjurations   | 5 6 |  6.4
Spellcasting   | 3 4 5 |  5.0
Dodging        | |  1.9
Stealth        | |  1.9

Action                   |  1- 3 |  4- 6 || total
-------------------------+-------+-------++-------
Melee: Unarmed           |    16 |    29 ||    45
       Dagger            |    70 |   147 ||   217
       Tailslap          |     5 |    17 ||    22
       Hand axe          |       |    22 ||    22
 Cast: Magic Dart        |    62 |    88 ||   150
       Iskenderun's Myst |       |    17 ||    17
Evoke: Wand              |       |     1 ||     1
  Use: Scroll            |     1 |     3 ||     4
       Potion            |       |     6 ||     6
 Stab: Paralysed         |       |     3 ||     3
  Eat: Chunk             |     2 |     6 ||     8
       Ration            |       |     2 ||     2
Armor: Skin              |    33 |    46 ||    79
Dodge: Dodged            |    61 |   109 ||   170
